 Dungeon Crawl Stone Soup version 0.22.1-2-g9c5b331383 (webtiles) character file.

3423 Goodini51 the Firebug (level 10, -5/68 HPs)
             Began as a Human Fire Elementalist on Nov 29, 2018.
             Was a Believer of Vehumet.
             Slain by an iguana (9 damage)
             ... on level 9 of the Dungeon on Dec 1, 2018.
             The game lasted 01:13:54 (12353 turns).

Goodini51 the Firebug (Human Fire Elementalist)    Turns: 12353, Time: 01:13:56

Health: -5/68      AC:  8    Str:  9    XL:     10   Next: 25%
Magic:  0/20       EV: 14    Int: 20    God:    Vehumet [**....]
Gold:   264        SH:  0    Dex: 16    Spells: 4/22 levels left

rFire    . . .     SeeInvis .   m - +0 spear
rCold    . . .     Gourm    +   (no shield)
rNeg     . . .     Faith    .   w - +1 leather armour "Kuefatis" {*Contam MR++ Int+2 Dex+2}
rPois    .         Spirit   .   (no helmet)
rElec    .         Reflect  .   (no cloak)
rCorr    .         Harm     .   g - +0 pair of gloves
MR       ++...                  y - +2 pair of boots
Stlth    ++........             o - amulet of the gourmand
HPRegen  0.21/turn              (no ring)
MPRegen  0.17/turn              (no ring)

@: lethally poisoned (-5 -> -12)
A: no striking features
a: Renounce Religion


You were on level 9 of the Dungeon.
You worshipped Vehumet.
Vehumet was pleased with you.
You were full.

You visited 2 branches of the dungeon, and saw 10 of its levels.

You collected 264 gold pieces.

Inventory:

Hand Weapons
 i - a +0 blowgun
 m - a +0 spear (weapon)
 r - a +0 hunting sling
 u - the +2 whip of World's End {protect, rF- rC+ Int+3}
   (You found it on level 5 of the Dungeon)

   It protects the one who uses it against injury (+AC on strike).
   It affects your intelligence (+3).
   It makes you vulnerable to fire.
   It protects you from cold.
Missiles
 j - 6 poisoned needles
 s - 158 stones (quivered)
 A - 30 sling bullets
 F - 7 silver javelins
Armour
 a - a +0 robe
 g - a +0 pair of gloves (worn)
 w - the +1 leather armour "Kuefatis" (worn) {*Contam MR++ Int+2 Dex+2}
   (You found it on level 5 of the Dungeon)

   It affects your intelligence (+2).
   It affects your dexterity (+2).
   It affects your resistance to hostile enchantments.
   It causes magical contamination when unequipped.
 y - a +2 pair of boots (worn)
 B - the +1 ring mail of Coliana {rElec MR+ Str+3, unknown}
   (You took it off an orc on level 6 of the Dungeon)

   It affects your strength (+3).
   It insulates you from electricity.
   It affects your resistance to hostile enchantments.
Jewellery
 o - an amulet of the gourmand (around neck)
Wands
 D - a wand of enslavement (13)
Scrolls
 e - 2 scrolls of noise {unknown}
 f - 2 scrolls of remove curse
 h - 3 scrolls of immolation
 k - a scroll of teleportation
 t - 2 scrolls of enchant weapon {unknown}
 x - 3 scrolls of identify
 G - a scroll of acquirement {unknown}
 H - a scroll of enchant armour {unknown}
Potions
 b - 2 potions of agility
 d - 2 potions of flight
 l - a potion of degeneration {unknown}
 n - 3 potions of curing {unknown}
 p - a potion of mutation {unknown}
 q - a potion of haste
 v - a potion of ambrosia {unknown}
 C - a potion of brilliance {unknown}
 E - a potion of berserk rage {unknown}
Comestibles
 c - 17 rations


   Skills:
 + Level 2.7 Fighting
 + Level 4.3 Maces & Flails
 + Level 1.0 Polearms
 + Level 0.3 Throwing
 + Level 2.1 Armour
 + Level 4.2 Dodging
 + Level 3.0 Stealth
 * Level 6.7 Spellcasting
 * Level 6.5 Conjurations
 * Level 7.3 Fire Magic


You had 4 spell levels left.
You knew the following spells:

 Your Spells              Type           Power        Failure   Level  Hunger
a - Flame Tongue          Conj/Fire      ####.        1%          1    None
b - Throw Flame           Conj/Fire      ####..       1%          2    None
c - Conjure Flame         Conj/Fire      ####....     2%          3    #......
d - Fireball              Conj/Fire      ####......   22%         5    #####..
e - Sticky Flame          Conj/Fire      ####....     8%          4    ###....
f - Inner Flame           Hex/Fire       ###.....     9%          3    #......

Your spell library contained the following spells:

 Spells                   Type           Power        Failure   Level  Hunger
 Static Discharge         Conj/Air       ###.....     11%         3    #......


Dungeon Overview and Level Annotations

Branches:
Dungeon (9/15)             Temple (1/1) D:4
   Lair: D:8-11         Orc: D:9-12

Altars:
Ashenzari
Cheibriados
Dithmenos
Elyvilon
Fedhas
Gozag
Hepliaklqana
Kikubaaqudgha
Makhleb
Nemelex Xobeh
Okawaru
Ru
Sif Muna
Trog
Uskayaw
Vehumet
Wu Jian
Xom
Yredelemnul
Zin
The Shining One
Beogh

Shops:
D:6 [

Annotations:
D:2 2 transporters, Robin, Sigmund
D:3 3 runed doors, Cykl0x's ghost, amateur HOMo
D:7 3 runed doors, zuik's ghost, novice HuFi


Message History

Aim: a killer bee The flame tongue hits the killer bee.
The killer bee is severely wounded.
The killer bee stings you.
* * * LOW HITPOINT WARNING * * *
You are lethally poisoned!
The killer bee poisons you! The killer bee closely misses you.
The iguana closely misses you.
Casting: Flame Tongue (safe; 1% risk of failure)
Confirm with . or Enter, or press ? or * to list all spells.
Aiming: Flame Tongue (safe; 1% risk of failure)
Press: ? - help, Shift-Dir - straight line, f/p - killer bee
Aim: a killer bee (severely wounded)
The flame tongue hits the killer bee.
You kill the killer bee!
Vehumet accepts your kill.
Your Stealth skill increases to level 3!
* * * LOW HITPOINT WARNING * * *
You feel sick. The iguana bites you!
You die...

## # .. .# ..
..## #. .....
#..##+###...l..
+..l@..<....P..
#........PPPPP.
#........$P_...
#.........PPPP.
#.....####.P...
#.....# ###..
#.##### . ..


You could see an iguana.

Vanquished Creatures
  2 hippogriffs (D:7)
  A water moccasin (D:7)
  Duvessa (D:4)
  3 sky beasts
  A necrophage (D:7)
  A black bear (D:6)
  2 ice beasts
  2 phantoms
  3 centaurs
  2 bullfrogs (D:6)
  A scorpion (D:5)
  Dowan (D:4)
  A jelly (D:7)
  2 killer bees (D:9)
  9 crimson imps
  A quasit (D:7)
  6 hounds
  2 centaur skeletons
  2 orc priests
  A bullfrog skeleton (D:7)
  2 iguanas
  6 worker ants
  7 orc wizards
  A howler monkey zombie (D:7)
  12 gnolls
  5 adders
  A white imp (D:4)
  3 oozes
  3 adder skeletons
  4 worms
  5 dart slugs
  3 leopard geckos
  28 orcs
  9 bats
  6 giant cockroaches
  12 goblins
  8 hobgoblins
  21 jackals
  6 quokkas
  6 frilled lizards
  A goblin skeleton (D:4)
  2 goblin zombies (D:4)
  2 hobgoblin zombies (D:4)
  A jackal zombie (D:6)
  9 kobolds
  A kobold skeleton (D:4)
  2 kobold zombies (D:4)
  A leopard gecko skeleton (D:4)
  A leopard gecko zombie (D:6)
  An orc skeleton (D:4)
  A quokka zombie (D:5)
  9 rats
223 creatures vanquished.

Notes
Turn   | Place    | Note
-------+----------+-------------------------------------------
     0 | D:1      | Goodini51 the Human Fire Elementalist began the quest for
                  | the Orb.
     0 | D:1      | Reached XP level 1. HP: 13/13 MP: 3/3
   180 | D:1      | Reached XP level 2. HP: 19/19 MP: 0/5
   538 | D:1      | Learned a level 2 spell: Throw Flame
   649 | D:1      | Reached XP level 3. HP: 24/24 MP: 4/6
  1547 | D:2      | Found a transporter.
  1574 | D:2      | Found a transporter.
  1574 | D:2      | Noticed an ogre
  1618 | D:2      | Found a sparkling altar of Nemelex Xobeh.
  1619 | D:2      | Found a white marble altar of Elyvilon.
  1649 | D:2      | Reached XP level 4. HP: 30/30 MP: 4/7
  1875 | D:2      | Found a shimmering altar of Xom.
  2157 | D:2      | Reached skill level 4 in Fire Magic
  2686 | D:2      | Reached XP level 5. HP: 35/35 MP: 5/9
  2922 | D:2      | Noticed Robin
  3182 | D:2      | Noticed Sigmund
  4034 | D:3      | Reached XP level 6. HP: 41/41 MP: 7/11
  4292 | D:3      | Found a runed gate.
  4293 | D:3      | Found a runed gate.
  4299 | D:3      | Found a burning altar of Makhleb.
  4304 | D:3      | Found a glowing silver altar of Zin.
  4304 | D:3      | Noticed an angel
  4305 | D:3      | Noticed a green death
  4436 | D:3      | Learned a level 3 spell: Conjure Flame
  4448 | D:3      | Learned a level 5 spell: Fireball
  4494 | D:3      | Found a runed gate.
  4494 | D:3      | Noticed Cykl0x's ghost (amateur HOMo)
  4504 | D:3      | Found a roughly hewn altar of Beogh.
  4889 | D:4      | Found a staircase to the Ecumenical Temple.
  4894 | D:4      | Noticed Dowan
  4903 | Temple   | Entered the Ecumenical Temple
  5180 | Temple   | Became a worshipper of Vehumet
  5228 | D:4      | Killed Dowan
  5231 | D:4      | Noticed Duvessa
  5238 | D:4      | Killed Duvessa
  5238 | D:4      | Reached XP level 7. HP: 8/46 MP: 1/13
  5969 | D:4      | Found a sacrificial altar of Ru.
  5985 | D:4      | Found a deep blue altar of Sif Muna.
  6001 | D:4      | Reached skill level 5 in Fire Magic
  6193 | D:4      | Found a glowing golden altar of the Shining One.
  6627 | D:5      | Entered Level 5 of the Dungeon
  6658 | D:5      | Got a faintly glowing whip
  6778 | D:5      | Found a snail-covered altar of Cheibriados.
  6860 | D:5      | Got a scorched leather armour
  6871 | D:5      | Identified the +1 leather armour "Kuefatis" {*Contam MR++
                  | Int+2 Dex+2} (You found it on level 5 of the Dungeon)
  6876 | D:5      | Identified the cursed +2 whip of World's End {protect, rF-
                  | rC+ Int+3} (You found it on level 5 of the Dungeon)
  6983 | D:5      | Reached skill level 1 in Maces & Flails
  7011 | D:5      | Reached XP level 8. HP: 49/52 MP: 13/15
  7562 | D:5      | Reached * piety under Vehumet
  7562 | D:5      | Offered knowledge of Freeze by Vehumet.
  7562 | D:5      | Reached skill level 1 in Fighting
  7631 | D:5      | Reached skill level 1 in Armour
  8119 | D:6      | Reached skill level 5 in Spellcasting
  8592 | D:6      | Reached XP level 9. HP: 61/61 MP: 9/17
  8654 | D:6      | Reached skill level 5 in Conjurations
  9184 | D:6      | Reached skill level 6 in Fire Magic
  9507 | D:6      | Reached ** piety under Vehumet
  9580 | D:6      | Offered knowledge of Shock by Vehumet.
  9878 | D:6      | Got a pearl-encrusted ring mail
 10171 | D:6      | Found Xachen's Armour Emporium.
 10274 | D:6      | Found a bloodstained altar of Trog.
 10274 | D:6      | Found an iron altar of Okawaru.
 10777 | D:7      | Noticed a hippogriff
 10798 | D:7      | Killed a hippogriff
 11131 | D:7      | Reached XP level 10. HP: 67/67 MP: 15/19
 11579 | D:7      | Reached skill level 1 in Polearms
 11579 | D:7      | Reached skill level 7 in Fire Magic
 11835 | D:7      | Found a runed gate.
 11837 | D:7      | Found a runed gate.
 11838 | D:7      | Found a runed gate.
 11842 | D:7      | Noticed zuik's ghost (novice HuFi)
 11897 | D:7      | Offered knowledge of Static Discharge by Vehumet.
 11903 | D:7      | Learned a level 4 spell: Sticky Flame
 11907 | D:7      | Learned a level 3 spell: Inner Flame
 12330 | D:8      | Found a sparkling altar of Nemelex Xobeh.
 12343 | D:9      | Found a blossoming altar of Fedhas.
 12353 | D:9      | Slain by an iguana

Skill      XL: |  1  2  3  4  5  6  7  8  9 10 |
---------------+-------------------------------+-----
Fire Magic     | 4 5 6 7 |  7.3
Conjurations   | 2 3 4 6 |  6.5
Spellcasting   | 3 4 5 6 |  6.7
Dodging        | 3 4 |  4.2
Maces & Flails | 1 2 4 |  4.3
Fighting       | 1 2 |  2.7
Armour         | 1 2 |  2.1
Polearms       | 1 |  1.0
Stealth        | 3 |  3.0
Throwing       | |  0.3

Action                   |  1- 3 |  4- 6 |  7- 9 | 10-12 || total
-------------------------+-------+-------+-------+-------++-------
Melee: Unarmed           |    17 |    13 |       |       ||    30
       Blowgun           |       |     3 |       |       ||     3
       Spear             |       |     1 |    57 |    40 ||    98
       Whip              |       |       |   438 |   116 ||   554
 Fire: Blowgun           |       |    13 |       |       ||    13
Throw: Throwing net      |       |       |     1 |       ||     1
 Cast: Flame Tongue      |    74 |   117 |   149 |    34 ||   374
       Throw Flame       |       |    30 |    83 |     4 ||   117
       Conjure Flame     |       |     2 |    19 |     7 ||    28
       Fireball          |       |       |     1 |     3 ||     4
  Use: Potion            |       |     5 |       |       ||     5
       Scroll            |       |     3 |     2 |     2 ||     7
 Stab: Sleeping          |     1 |     2 |     1 |     1 ||     5
  Eat: Chunk             |     3 |    17 |    29 |    11 ||    60
Armor: Robe              |    15 |    16 |     3 |       ||    34
       Leather armour    |       |       |   227 |    52 ||   279
Dodge: Dodged            |    53 |    88 |   359 |   101 ||   601
